 Dungeon Crawl Stone Soup version 0.31-a0-654-gbe3e110b4e (webtiles) character file.

Game seed: 8847948817048857800

67 senseless the Covered (level 4, -3/40 HPs)
             Began as a Minotaur Fighter on Aug 29, 2023.
             Slain by Sigmund
             ... wielding a +2 scythe of venom
              (4 damage)
             ... on level 3 of the Dungeon.
             The game lasted 00:04:29 (1792 turns).

senseless the Covered (Minotaur Fighter)            Turns: 1792, Time: 00:04:30

Health: -3/40      AC:  8    Str: 23    XL:     4   Next: 0%
Magic:  3/3        EV:  7    Int:  5    God:
Gold:   123        SH: 12    Dex:  9    Spells: 3/3 levels left

rFire   . . .        a - +0 war axe
rCold   . . .        m - +0 tower shield
rNeg    . . .        f - +0 scale mail
rPois   .            (helmet restricted)
rElec   .            e - +0 cloak
rCorr   .            (no gloves)
SInv    .            (no boots)
Will    .....        (no amulet) Stlth
                     (no ring)
HPRegen 0.26/turn    (no ring)
MPRegen 0.08/turn

%: no passive effects
@: mighty, lethally poisoned (-3 -> -10), attractive
A: horns 2, retaliatory headbutt
a: no special abilities


You were on level 3 of the Dungeon.
You visited 1 branch of the dungeon, and saw 3 of its levels.

You collected 123 gold pieces.

Inventory:

Hand Weapons
 a - a +0 war axe (weapon)
 b - a +1 heavy sling
 h - a +1 dagger of venom
Missiles
 j - 5 darts of dispersal
 k - 6 poisoned darts
Armour
 c - a +0 buckler
 e - a +0 cloak (worn)
 f - a +0 scale mail (worn)
 m - a +0 tower shield (worn)
Talismans
 p - a blade talisman
Scrolls
 g - a scroll of amnesia {unknown}
 i - a scroll of immolation {unknown}
 l - a scroll of teleportation {unknown}
 q - 2 scrolls of identify {unknown}
Potions
 d - a potion of might


   Skills:
 + Level 4.3 Fighting
 + Level 3.3 Axes
 + Level 4.3 Armour
 + Level 4.2 Shields


You had 3 spell levels left.
You didn't know any spells.
Your spell library contained the following spells:

 Spells                   Type           Power      Damage    Failure   Level
 Sting                    Tmut/Pois      0%         1d3       100%        1
 Ensorcelled Hibernation  Hex/Ice        0%         N/A       100%        2
 Poisonous Vapours        Pois/Air       0%         N/A       100%        2
 Anguish                  Hex/Necr       0%         N/A       100%        4
 Olgreb's Toxic Radiance  Pois           0%         N/A       100%        4


Dungeon Overview and Level Annotations

Branches:
Dungeon (3/15)

Altars:

Shops:
D:2 (

Annotations:
D:3 Sigmund


Innate Abilities, Weirdness & Mutations

You have a pair of horns on your head.
You reflexively headbutt those who attack you in melee.


Message History

The sling bullet hits the rat.
The rat is heavily wounded.
Sigmund casts a spell.
Sigmund flickers and vanishes!
Deactivating autopickup; reactivate with Ctrl-A.
a - a +0 war axe (weapon)
Something hits you but does no damage.
You are poisoned.
You feel very sick.
You closely miss something. You headbutt something.
You feel very sick.
You hear some strange, mumbled words.
You are confused.
Something hits you.
You are more poisoned.
The rat barely misses you.
You feel very mighty all of a sudden.
You feel very sick. The rat barely misses you.
You hear some strange, mumbled words.
A magic dart appears from out of thin air!
The magic dart hits you.
You feel very sick. The rat barely misses you. Something hits you!
You are lethally poisoned!
You feel very sick.
* * * LOW HITPOINT WARNING * * *
You feel very sick.
A magic dart appears from out of thin air!
The magic dart hits you.
* * * LOW HITPOINT WARNING * * *
It was a potion of magic.
Magic courses through your body.
You feel less confused.
* * * LOW HITPOINT WARNING * * *
You feel very sick.
It was a potion of attraction.
You feel attractive to monsters.
* * * LOW HITPOINT WARNING * * *
You feel sick. The rat bites you but does no damage. Something hits you.
You die...

...... . #....##.
#../...## #.......#
#....<..# #......#
#....{.######.#
#....r.'....#.#
#....@.####.#.#
#......##...#.#
#....=..##.....#
#....>..##.....#
#....#####...#.########
#.... ##....^.)...))
##### #.##....###))
#.##.##...#.#
#.##.####.#.#


You could see a rat.

Vanquished Creatures
  2 worms (D:2)
  A dart slug (D:1)
  5 orcs (D:3)
  5 ball pythons
  4 bats
  2 endoplasms (D:1)
  2 giant cockroaches
  5 goblins
  5 hobgoblins
  4 jackals (D:2)
  2 quokkas
  A frilled lizard (D:2)
  6 kobolds
  4 rats
48 creatures vanquished.

Notes
Turn   | Place    | Note
-------+----------+-------------------------------------------
     0 | D:1      | senseless the Minotaur Fighter began the quest for the Orb.
     0 | D:1      | Reached XP level 1. HP: 19/19 MP: 0/0
   216 | D:1      | Reached XP level 2. HP: 27/27 MP: 1/1
   962 | D:2      | Reached XP level 3. HP: 33/33 MP: 2/2
  1052 | D:2      | Found Yxomyalu's Weapon Shop.
  1738 | D:3      | Reached XP level 4. HP: 34/40 MP: 3/3
  1782 | D:3      | Noticed Sigmund
  1792 | D:3      | HP: 1/40 [poisoned by Sigmund]
  1792 | D:3      | Slain by Sigmund

Illustrated notes

Levels and vault maps discovered:
D:1:      dpeg_arrival_circle_labyrinth_c, layout_basic
D:2:      layout_loops_cross, serial_shops, nicolae_shop_tiny_real_fake_doors,
          minmay_misc_feat_ornament, minmay_quantized
D:3:      wad_lake_hut, layout_basic, dreamdust_ecumenical_altar_drowned_temple,
          uniq_grinder, uniq_sigmund, uniq_crazy_yiuf_cottage

Skill      XL: |  1  2 |
---------------+-------+-----
Fighting       | 4 |  4.3
Shields        | 4 |  4.2
Armour         | 4 |  4.3
Axes           | 3 |  3.3

Action                     |  1- 3 |  4- 6 || total
---------------------------+-------+-------++-------
  Melee: War axe           |    38 |     1 ||    39
         Headbutt          |     6 |     1 ||     7
   Fire: Sling             |    71 |     1 ||    72
    Use: Potion            |       |     3 ||     3
 Armour: Scale mail        |    25 |     2 ||    27
  Dodge: Dodged            |    24 |     3 ||    27
  Block: Buckler           |     6 |       ||     6
         Tower shield      |    35 |       ||    35

Table legend: (Time is in decaauts)
 A = Elapsed time spent in this place.
 B = Non-inter-level travel time spent in this place.
 C = Inter-level travel time spent in this place.
 D = Time resting spent in this place.
 E = Time spent auto-exploring this place.
 F = Levels seen in this place.
 G = Mean time per level.
                   A        B        C        D        E       F      G
               +--------+--------+--------+--------+--------+-----+--------+
         Total |   1894 |   1761 |    133 |      0 |   1398 |   3 |  631.3 |
       Dungeon |   1894 |   1761 |    133 |      0 |   1398 |   3 |  631.3 |
               +--------+--------+--------+--------+--------+-----+--------+

Top non-repeatable levels by time:
     D:1: 952 daAuts
     D:2: 831 daAuts
     D:3: 110 daAuts
